 Dungeon Crawl Stone Soup version 0.13-a0-2417-g818e1a6 (webtiles) character file.

493 tanji the Slinger (level 7, -10/39 HPs)
             Began as a Kobold Hunter on July 16, 2013.
             Mangled by a gnoll
             ... wielding a cursed +1,+3 trident
              (14 damage)
             ... on Level 3 of the Dungeon.
             The game lasted 00:57:24 (2428 turns).

tanji the Slinger (Kobold Hunter)                   Turns: 2428, Time: 00:57:24

HP -10/39        AC  3     Str 11      XL: 7   Next:  4%
MP   6/6         EV 14     Int  9      God:
Gold 113         SH  0     Dex 18      Spells:  0 memorised,  6 levels left

Res.Fire  : . . .   See Invis. : .   b - +1 sling
Res.Cold  : . . .   Warding    : .   d - +0 leather armour
Life Prot.: . . .   Conserve   : .   (no shield)
Res.Poison: .       Res.Corr.  : .   (no helmet)
Res.Elec. : .       Clarity    : .   (no cloak)
Sust.Abil.: . .     Spirit.Shd : .   (no gloves)
Res.Mut.  : .       Stasis     : .   (no boots)
Res.Rott. : .       Flight     : .   (no amulet)
Saprovore : + + .                    (no ring)
                                     (no ring)

@: drained, slightly resistant to hostile enchantments, fairly stealthy
A: disease resistance, carnivore 3, saprovore 2
a: no special abilities


You were on level 3 of the Dungeon.
You were not hungry.

You visited 1 branch of the dungeon, and saw 3 of its levels.

You collected 93 gold pieces.

Inventory:

Hand weapons
 a - a +0,+0 short sword
 b - a +1,+1 sling (weapon)
 c - a +1,+3 war axe
 e - a +5,+3 dwarven short sword
 k - a +0,+0 short sword
 l - a +0,+0 short sword
 o - a -2,+0 orcish short sword
 q - a +0,+0 short sword
 r - a +0,+0 short sword
 v - a -1,+5 orcish falchion
Missiles
 g - 18 stones
 j - 28 darts
 m - 13 poisoned needles
 n - 6 sling bullets (quivered)
Armour
 d - a +0 leather armour (worn)
 i - a +0 animal skin
 u - a +0 robe
 w - a +0 robe
 x - a +0 ring mail
Comestibles
 f - a meat ration
 h - a royal jelly
Scrolls
 p - a scroll of identify
Potions
 s - 3 potions of curing
 t - 2 potions of might


   Skills:
 + Level 1.1(0.9) Fighting
 + Level 8.4(8.1) Slings
 + Level 1.5(1.3) Throwing
 + Level 1.2(1.0) Armour
 + Level 3.2(3.0) Dodging
 + Level 2.5(2.3) Stealth
 + Level 1.0(0.8) Traps


You had 6 spell levels left.
You didn't know any spells.

Dungeon Overview and Level Annotations

Branches:
Dungeon (3/27)

Altars:


Innate Abilities, Weirdness & Mutations

You recuperate from illness quickly.
You are small and have problems with some larger weapons.
You are carnivorous and can eat meat at any time.
You can eat rotten meat.


Message History

b - a +1,+1 sling (weapon)
The gnoll hits you from afar with a trident.
* * * LOW HITPOINT WARNING * * *
The gnoll picks up an uncursed spear.
The gnoll throws an uncursed spear.
The uncursed spear misses you.
You see here an uncursed spear.
Firing (i - inventory. (,) - cycle):
n - 8 sling bullets (quivered)
Press: ? - help, Shift-Dir - straight line, f/p - gnoll
Aim: a gnoll, wielding a trident (heavily wounded)
You shoot a sling bullet. The sling bullet hits the gnoll.
The gnoll is heavily wounded.
A dart hits the gnoll!
The gnoll barely misses you.
Firing (i - inventory. (,) - cycle):
n - 7 sling bullets (quivered)
Press: ? - help, Shift-Dir - straight line, f/p - gnoll
Aim: a gnoll, wielding a trident (heavily wounded)
You shoot a sling bullet. The sling bullet hits the gnoll.
The gnoll is severely wounded.
The gnoll hits you from afar with a trident!
You die...

################
...............#
#########......#
#########......###########
...........%....@.gg.....#
############.###########.#
########)###########.######
....................)%....#
####.###.#######..........#
............).......#
###.#######....(.....# #.#
#......>...# #.#
#..........#


You could see 2 gnolls.

Vanquished Creatures
  An ogre (D:3)
  5 wights (D:3)
  4 gnolls (D:2)
  3 adders (D:2)
  A giant mite (D:1)
  A worm (D:2)
  3 goblins
  5 hobgoblins
  8 bats
  6 giant cockroaches
  2 giant newts
  10 kobolds
  3 rats
52 creatures vanquished.

Vanquished Creatures (others)
  A jackal (D:3)
1 creature vanquished.

Grand Total: 53 creatures vanquished

Notes
Turn   | Place    | Note
--------------------------------------------------------------
     0 | D:1      | tanji, the Kobold Hunter, began the quest for the Orb.
     0 | D:1      | Reached XP level 1. HP: 12/12 MP: 0/0
   173 | D:1      | Reached skill level 5 in Slings
   294 | D:1      | Reached XP level 2. HP: 17/17 MP: 1/1
   742 | D:1      | Reached XP level 3. HP: 21/21 MP: 2/2
   830 | D:2      | Reached skill level 6 in Slings
   895 | D:2      | Reached XP level 4. HP: 18/26 MP: 3/3
  1538 | D:2      | Reached XP level 5. HP: 23/30 MP: 4/4
  1721 | D:3      | Paralysed by a potion of paralysis for 2 turns
  1777 | D:3      | Reached skill level 7 in Slings
  2005 | D:3      | Noticed an ogre
  2010 | D:3      | Killed an ogre
  2010 | D:3      | Reached skill level 1 in Traps
  2010 | D:3      | Reached XP level 6. HP: 35/35 MP: 5/5
  2037 | D:3      | Reached skill level 1 in Armour
  2046 | D:3      | Reached skill level 8 in Slings
  2141 | D:3      | Reached skill level 1 in Throwing
  2162 | D:3      | Reached XP level 7. HP: 22/39 MP: 6/6
  2428 | D:3      | Mangled by a gnoll

Action                   |  1- 3 |  4- 6 |  7- 9 || total
-------------------------+-------+-------+-------++-------
Melee: Sling             |     2 |       |       ||     2
       Short sword       |       |     7 |       ||     7
 Fire: Sling             |    46 |    80 |     2 ||   128
Throw: Dart              |       |     4 |     3 ||     7
       Stone             |       |       |    28 ||    28
  Use: Scroll            |       |    11 |       ||    11
       Potion            |       |     8 |       ||     8
